 Dungeon Crawl Stone Soup version 0.30-a0-1075-gcd70e7a56d (webtiles) character file.

Game seed: 11981890834821866162

1784568 pokedragonboy the Executioner (level 26, 133/184 HPs)
             Began as a Gargoyle Fighter on Apr 14, 2023.
             Was the Champion of Ru.
             Escaped with the Orb
             ... and 3 runes!
             The game lasted 03:03:08 (58724 turns).

pokedragonboy the Executioner (Gargoyle Fighter)   Turns: 58724, Time: 03:03:08

Health: 133/184    AC: 62    Str: 30    XL:     26   Next: 82%
Magic:  23/23      EV: 14    Int: 13    God:    Ru [******]
Gold:   5194       SH: 23    Dex: 15    Spells: 25/25 levels left

rFire   + + +      SeeInvis +    a - +8 war axe (vamp)
rCold   + + +      Faith    .    T - +2 shield of Resistance {rF++ rC++ Will++}
rNeg    + + +      Spirit   .    f - +10 plate armour {Will+}
rPois   ∞          Reflect  +    g - +0 helmet of the Mackerel {rC+ rN++ Str-3 SInv}
rElec   +          Rampage  .    V - +1 cloak of Zowkimune {rElec rF+ Str+4}
rCorr   +          Rnd*Tele +    Z - +0 pair of gloves of Decompression {Will+ Dex+4}
Will    ++++.                    J - +2 pair of boots {Stlth+} Stlth
                                 v - amulet of reflection
HPRegen 0.50/turn                x - ring "Epuracwio" {rCorr EV+5 Int-5 Slay+2 Stlth+}
MPRegen 0.18/turn                F - ring "Elyng" {rC+ Int+6 Dex+4 Slay+5 Stlth-}

@: flying, studying 3 skills
A: sickness immunity, AC +20, big wings, negative energy resistance 1,
electricity resistance, torment resistance 1, petrification resistance, hated by
all, inability to train dodging, no conjurations magic, no hexes magic, no
poison magic, weak-willed 1, disrupted magic 2, talons 1, clumsy 1, mutation
resistance 1, teleportitis 1
0: Orb of Zot
}: 3/15 runes: decaying, serpentine, silver
a: Renounce Religion, Draw Out Power, Power Leap, Apocalypse


You escaped.
You worshipped Ru.
Ru was exalted by your worship.
You visited 10 branches of the dungeon, and saw 48 of its levels.
You visited 2 bazaars.
You also visited: Trove, Gauntlet and Ice Cave.

You collected 10306 gold pieces.
You spent 5112 gold pieces at shops.

Inventory:

Hand Weapons
 a - a +8 vampiric war axe (weapon)
 b - a +1 broad axe of flaming
 s - the +8 demon trident "Rift" {distort, reach+}
   (You took it off a deep elf death mage on level 5 of the Vaults)
Missiles
 N - 5 throwing nets (quivered)
Armour
 f - a +10 plate armour of willpower (worn)
 g - the +0 helmet of the Mackerel (worn) {rC+ rN++ Str-3 SInv}
   (You found it in a treasure trove)

   Str:       It affects your strength (-3).
   rC:        It protects you from cold.
   rN:        It greatly protects you from negative energy.
   SInv:      It lets you see invisible.
 J - a +2 pair of boots of stealth (worn)
 T - the +2 shield of Resistance (worn) {rF++ rC++ Will++}
   (You found it in a treasure trove)

   rF:        It greatly protects you from fire.
   rC:        It greatly protects you from cold.
   Will:      It greatly increases your willpower.
 V - the +1 cloak of Zowkimune (worn) {rElec rF+ Str+4}
   (You found it in a treasure trove)

   Str:       It affects your strength (+4).
   rF:        It protects you from fire.
   rElec:     It insulates you from electricity.
 Z - the +0 pair of gloves of Decompression (worn) {Will+ Dex+4}
   (You found it in a treasure trove)

   Dex:       It affects your dexterity (+4).
   Will:      It increases your willpower.
Jewellery
 d - the ring of Cuezeh {rCorr Int+2 Dex+6}
   (You found it on level 4 of the Vaults)

   [ring of dexterity]

   Int:       It affects your intelligence (+2).
   Dex:       It affects your dexterity (+6).
   rCorr:     It protects you from acid and corrosion.
 v - an amulet of reflection (around neck)
 x - the ring "Epuracwio" (left hand) {rCorr EV+5 Int-5 Slay+2 Stlth+}
   (You bought it in a shop in a bazaar)

   [ring of evasion]

   EV:        It affects your evasion (+5).
   Int:       It affects your intelligence (-5).
   Slay:      It affects your accuracy & damage with ranged weapons and melee
   (+2).
   rCorr:     It protects you from acid and corrosion.
   Stlth:     It makes you more stealthy.
 F - the ring "Elyng" (right hand) {rC+ Int+6 Dex+4 Slay+5 Stlth-}
   (You took it off a spriggan berserker on level 2 of the Swamp)

   [ring of intelligence]

   Int:       It affects your intelligence (+6).
   Dex:       It affects your dexterity (+4).
   Slay:      It affects your accuracy & damage with ranged weapons and melee
   (+5).
   rC:        It protects you from cold.
   Stlth:     It makes you less stealthy.
 W - a +4 ring of slaying
Wands
 j - a wand of polymorph (19)
 q - a wand of digging (30)
 y - a wand of flame (141)
 A - a wand of mindburst (49)
 H - a wand of quicksilver (43)
 I - a wand of paralysis (38)
 Y - a wand of iceblast (49)
Scrolls
 k - 9 scrolls of magic mapping
 p - 8 scrolls of silence
 r - 31 scrolls of teleportation
 u - 6 scrolls of immolation
 z - 8 scrolls of poison
 C - 6 scrolls of fear
 E - 8 scrolls of blinking
 G - a scroll of brand weapon
 L - 10 scrolls of vulnerability
 O - 5 scrolls of torment
 Q - 4 scrolls of fog
 U - a scroll of enchant armour
Potions
 e - 21 potions of curing
 h - 12 potions of heal wounds
 i - 8 potions of lignification
 l - 2 potions of attraction
 m - 3 potions of berserk rage
 n - 3 potions of cancellation
 o - 5 potions of mutation
 t - 3 potions of invisibility
 w - 7 potions of might
 D - 15 potions of ambrosia
 M - 4 potions of resistance
 P - 3 potions of haste
 R - 6 potions of brilliance
 X - 3 potions of magic
Miscellaneous
 c - a piece from Xom's chessboard (15/15)
 B - a phial of floods
 K - a lightning rod (4/4)
 S - a phantom mirror


   Skills:
 + Level 24.2 Fighting
 + Level 25.0 Axes
 + Level 23.7 Armour
 + Level 21.3 Shields
 - Level 10.0 Evocations


You had 25 spell levels left.
You didn't know any spells.
Your spell library contained the following spells:

 Spells                   Type           Power      Damage    Failure   Level
 Freeze                   Ice            0%         1d3       90%         1
 Blink                    Tloc           0%         N/A       96%         2
 Passwall                 Tmut/Erth      0%         N/A       96%         2
 Frozen Ramparts          Ice            0%         1d1       99%         3
 Ozocubu's Armour         Ice            0%         N/A       99%         3
 Vampiric Draining        Necr           0%         2d6       99%         3
 Dispel Undead            Necr           0%         3d6       100%        4
 Manifold Assault         Tloc           0%         N/A       100%        4
 Passage of Golubria      Tloc           0%         N/A       100%        4
 Petrify                  Tmut/Erth      0%         N/A       100%        4
 Borgnjor's Vile Clutch   Necr/Erth      0%         N/A       100%        5
 Lee's Rapid Deconstruct  Erth           0%         3d4*      100%        5
 Storm Form               Tmut/Air       0%         N/A       100%        7
 Borgnjor's Revivificati  Necr           0%         N/A       100%        8
 Ignition                 Fire           0%         3d3       100%        8
 Maxwell's Capacitive Co  Air            0%         ∞         100%        8
 Kiss of Death            Conj/Necr      Unusable   2d5       N/A         1
 Slow                     Hex            Unusable   N/A       N/A         1
 Summon Small Mammal      Summ           Unusable   N/A       N/A         1
 Call Canine Familiar     Summ           Unusable   N/A       N/A         3
 Confusing Touch          Hex            Unusable   N/A       N/A         3
 Hailstorm                Conj/Ice       Unusable   3d3       N/A         3
 Ignite Poison            Fire/Tmut/Pois Unusable   N/A       N/A         3
 Portal Projectile        Hex/Tloc       Unusable   N/A       N/A         3
 Summon Guardian Golem    Hex/Summ       Unusable   N/A       N/A         3
 Tukima's Dance           Hex            Unusable   N/A       N/A         3
 Animate Dead             Necr           Unusable   N/A       N/A         4
 Leda's Liquefaction      Hex/Erth       Unusable   N/A       N/A         4
 Sticky Flame             Conj/Fire      Unusable   2d3       N/A         4
 Summon Lightning Spire   Summ/Air       Unusable   N/A       N/A         4
 Metabolic Englaciation   Hex/Ice        Unusable   N/A       N/A         5
 Yara's Violent Unravell  Hex/Tmut       Unusable   3d3       N/A         5
 Death Channel            Necr           Unusable   N/A       N/A         6
 Simulacrum               Ice/Necr       Unusable   N/A       N/A         6
 Statue Form              Tmut/Erth      Unusable   N/A       N/A         6

Dungeon Overview and Level Annotations

Branches:
Dungeon (15/15)            Temple (1/1) D:4            Lair (5/5) D:11
  Swamp (4/4) Lair:2        Snake (4/4) Lair:3        Slime (0/5) Lair:5
    Orc (2/2) D:9             Elf (3/3) Orc:2        Vaults (5/5) D:14
  Crypt (0/3) Vaults:2     Depths (4/4) D:15            Zot (5/5) Depths:4
  IceCv (visited)         Gauntlet (visited)

Altars:
Ashenzari
Cheibriados
Dithmenos
Elyvilon
Gozag
Kikubaaqudgha
Makhleb
Nemelex Xobeh
Okawaru
Qazlal
Ru
Sif Muna
Trog
Uskayaw
Vehumet
Wu Jian
Xom
Zin
The Shining One
Lugonu

Shops:
Orc:2 ?!:   Elf:1 [   Elf:2 !   Snake:1 (=   Vaults:4 =   Vaults:5 ?
Depths:4 :

Portals:
Hell: Depths:1 Depths:2 Depths:3 Depths:4
Abyss: D:11 Lair:5 Depths:2 Depths:3
Pandemonium: Depths:2
Ziggurat: Depths:1

Annotations:
D:6 3 runed translucent doors, cforsyth's ghost, amateur OpSu
D:11 Sonja
D:15 1 runed translucent door
Lair:4 1 runed translucent door, Avaziugi's ghost, journeyman OpTm
Depths:1 exclusions: dread lich and 3 more exclusions
Zot:1 3 runed translucent doors, Lobster4's ghost, veteran MiHu
Zot:4 2 transporters, Vaid's ghost, master GnFi
Zot:5 1 exclusion


Innate Abilities, Weirdness & Mutations

You are immune to sickness and miasma.
Your stone body is resilient. (AC +20)
You are immune to poison.
Your large and strong wings let you fly.
You resist negative energy. (rN+)
You are resistant to electric shocks. (rElec)
You are resistant to unholy torment.
You are immune to petrification.
You are hated by all.
You cannot train Dodging skill.
You cannot study or cast Conjurations magic.
You cannot study or cast Hexes magic.
You cannot study or cast Poison magic.
You are slightly weak-willed. (Will-)
Your casting is disrupted.
You have sharp toenails.
You are clumsy. (Dex -2)
You are somewhat resistant to further mutation.
You are occasionally teleported next to monsters.


Message History

The balrug is heavily wounded.
You block the balrug's attack.
Unknown command.
You hit the balrug.
The balrug is heavily wounded.
The balrug gestures at you. The bolt of fire misses you.
The tree burns like a torch!
You slice the balrug!!
The balrug is almost dead.
The balrug is stunned by your conviction and fails to attack.
Qarufus gestures.
You closely miss the balrug.
The balrug is almost dead.
The balrug hits you but does no damage.
Qarufus gestures.
Unknown command.
The balrug attacks as you move away! The balrug hits you but does no damage.
The balrug gestures at you. Something smites you! The balrug gestures at you.
The fireball explodes!
The fireball engulfs you. You resist.
Really fly into that cloud of spreading flames?
Okay, then.
The balrug gestures at you.
The sticky flame hits you but does no damage.
You are covered in liquid flames!
You are covered in liquid flames!
You are covered in liquid flames!
You are no longer on fire.
Qarufus begins to attack, but is stunned by your conviction!
Press: ? - help, v - describe, . - travel
Here: Qarufus The floor.
There is an open door here.
Qarufus begins to attack, but is stunned by your conviction!
There is a staircase leading out of the dungeon here.
The balrug gestures at you. Something smites you!
The balrug begins to attack, but is stunned by your conviction!
You have escaped!

#.# #............
#.# #............
#.# #.3..........
#.######...2........
#..2...#&...........
###.##.#1...L.......
##'##.#..>##.#.####
#8&8#&###.##.......
#♣@♣#2########.####
♣♣♣§§..&1.22.2#
♣♣###########


You could see Qarufus and a balrug.

Vanquished Creatures
  4 dread liches
  4 ancient liches
  3 orbs of fire (Zot:5)
  Mara (Vaults:4)
  7 Killer Klowns (Zot:5)
  Frederick (Vaults:3)
  Vashnia (Snake:4)
  2 curse toes
  4 caustic shrikes
  16 golden dragons
  Nikola (Swamp:2)
  A Tzitzimitl (D:5)
  A bone dragon (Depths:4)
  2 electric golems (Zot:5)
  A Hell Sentinel (D:10)
  13 tentacled monstrosities
  Zenata (Vaults:3)
  5 liches
  25 Orb Guardians
  Mlioglotl (Swamp:3)
  8 titans
  12 quicksilver dragons
  2 Executioners
  A deep elf master archer (Elf:3)
  5 death cobs
  3 deep elf blademasters
  8 sphinxes
  6 draconian monks
  Roxanne (Swamp:2)
  10 tengu reavers
  4 shadow dragons
  3 thorn hunters (Swamp:2)
  Donald (Swamp:2)
  4 fire giants
  15 storm dragons
  5 nagarajas
  3 fenstrider witches
  2 ghost moths
  5 draconian knights
  14 frost giants
  An iron dragon (Vaults:5)
  16 vault wardens
  8 draconian scorchers
  5 draconian stormcallers
  7 draconian shifters
  5 deep elf sorcerers
  Aizul (Vaults:1)
  2 balrugs
  3 deep elf elementalists
  5 draconian annihilators
  3 spriggan defenders
  2 ghouls
  An orc warlord (Vaults:3)
  A quicksilver ooze (shapeshifter) (Depths:1)
  A war gargoyle (Vaults:5)
  12 stone giants
  25 very ugly things
  7 ironbound thunderhulks
  20 ironbound preservers
  4 deep elf demonologists
  A lorocyproca (Depths:4)
  15 green draconians
  2 vampire knights
  7 eleionomae
  12 yellow draconians
  11 black draconians
  6 red draconians
  5 deep elf annihilators
  17 dire elephants
  5 bunyips
  7 white draconians
  14 purple draconians
  11 ettins
  A blizzard demon (Depths:3)
  5 fire dragons
  6 deep elf death magi
  12 yaktaur captains
  3 green deaths
  5 deep elf high priests
  2 entropy weavers
  3 shambling mangroves
  An entropy weaver (shapeshifter) (Elf:1)
  7 great orbs of eyes
  32 vault guards
  A hell beast (Zot:5)
  2 salamander tyrants (Snake:4)
  2 ogre magi (Orc:2)
  10 ice dragons
  6 spriggan air magi
  5 rakshasas
  A catoblepas (Lair:4)
  19 hydras
  22 centaur warriors
  An anaconda (shapeshifter) (Vaults:5)
  A peacekeeper (Vaults:3)
  5 anacondas
  12 ironbound frosthearts
  A boulder beetle (shapeshifter) (Vaults:5)
  18 dancing weapons
  3 deep troll shamans
  6 tengu warriors
  4 deep troll earth magi
  A boulder beetle (D:14)
  8 alligators
  4 two-headed ogres
  6 thrashing horrors
  6 shock serpents
  14 naga warriors
  An orc high priest (Orc:1)
  9 naga sharpshooters
  6 spriggan berserkers
  Urug (Lair:4)
  16 deep elf knights
  2 vampire magi
  5 sun demons
  16 hell knights
  4 soul eaters
  5 iron trolls
  Nergalle (D:10)
  Lodul (D:10)
  A sea snake (shapeshifter) (Elf:3)
  11 salamander mystics
  3 spriggan druids
  A death drake (shapeshifter) (D:15)
  53 deep trolls
  6 naga ritualists
  4 goliath frogs
  4 skeletal warriors (D:14)
  11 swamp dragons
  7 bog bodies
  A death drake (Swamp:2)
  20 ironbound convokers
  A glowing orange brain (Depths:1)
  An orange crystal statue (IceCv)
  11 wizards
  9 deep elf archers
  21 deep elf pyromancers
  6 necromancers
  3 phantasmal warriors
  4 orc knights
  An oklob plant (Gauntlet)
  12 lindwurms
  A lindwurm (shapeshifter) (Vaults:5)
  A wolf spider (D:15)
  8 orc sorcerers (Orc:2)
  24 deep elf zephyrmancers
  32 ugly things
  3 mana vipers
  12 salamanders
  6 will-o-the-wisps
  2 ice statues (Depths:3)
  4 cyclopes
  A manticore (D:14)
  3 elephants (Lair:5)
  21 moths of wrath
  14 naga magi
  37 black mambas
  3 rust devils (Depths:2)
  5 smoke demons
  2 guardian serpents (shapeshifter)
  8 guardian serpents
  9 cane toads
  An eye of devastation (shapeshifter) (Lair:5)
  16 vault sentinels
  4 orange demons
  A gargoyle (D:12)
  A cane toad (shapeshifter) (D:13)
  2 rime drakes
  A komodo dragon (shapeshifter) (Lair:5)
  A hellion (Zot:5)
  7 freezing wraiths
  2 unseen horrors (D:11)
  5 kobold demonologists
  3 tengu conjurers
  An efreet (D:12)
  5 komodo dragons
  2 ancient zymes (Lair:5)
  2 guardian mummies (D:10)
  A red devil (Depths:2)
  18 yaktaurs
  A bloated husk (Swamp:4)
  A golden dragon simulacrum (IceCv)
  3 meliai (D:13)
  14 hornets
  4 trolls
  4 hellwings
  3 polar bears
  A queen bee (Lair:2)
  7 tyrant leeches
  A wind drake (shapeshifter) (D:15)
  25 blink frogs
  3 air elementals (Elf:1)
  3 shadows
  38 slime creatures
  11 spriggans
  A flying skull (Vaults:2)
  49 yaks
  A dire elephant simulacrum (IceCv)
  A spriggan (shapeshifter) (Vaults:1)
  Sigmund (D:3)
  2 vampires
  A yak (shapeshifter) (D:13)
  4 hogs (D:10)
  3 wraiths
  2 wyverns
  A fire elemental (Elf:3)
  A human (D:10)
  3 water elementals
  2 golden eyes (Zot:5)
  8 basilisks
  2 chaos spawn (Lair:5)
  7 small abominations (Lair:5)
  A steam dragon (D:9)
  2 neqoxecs
  4 wargs
  48 nagas
  19 vampire mosquitoes
  4 redbacks
  13 swamp worms
  17 water moccasins
  6 acid dragons
  A hydra simulacrum (IceCv)
  2 floating eyes
  2 swamp drakes
  14 orc warriors
  A sky beast (D:7)
  2 alligator simulacra (IceCv)
  4 black bears
  2 ice beasts (D:7)
  13 ogres
  An ogre (shapeshifter) (Elf:1)
  3 boggarts (Gauntlet)
  An ettin simulacrum (IceCv)
  10 large abominations
  11 wolves
  7 centaurs
  8 kobold brigands
  11 bullfrogs
  A gnoll sergeant (D:12)
  3 scorpions
  4 earth elementals
  4 wights (D:8)
  15 killer bees (Lair:2)
  3 electric eels
  2 howler monkeys
  2 hounds
  10 jellies
  12 orc priests
  A gnoll bouda (D:10)
  12 hell rats
  4 iguanas
  Ijyb (D:3)
  Natasha (D:3)
  A sleepcap (D:6)
  32 orc wizards
  A mummy (D:6)
  Robin (D:3)
  10 gnolls
  12 adders
  A shadow imp (D:6)
  A white imp (D:6)
  4 worms
  3 dart slugs
  61 orcs
  7 bats
  9 endoplasms
  3 giant cockroaches
  11 goblins
  9 hobgoblins
  4 jackals (D:5)
  A quokka (D:4)
  6 ball pythons
  4 frilled lizards
  2 hobgoblin zombies (D:6)
  28 kobolds
  2 kobold zombies (D:6)
  4 rats
  9 briar patches (Swamp:2)
  A butterfly (Lair:2)
1927 creatures vanquished.

Vanquished Creatures (others)
  A Killer Klown (Zot:5)
  A golden dragon (Vaults:5)
  A tentacled monstrosity (Swamp:4)
  2 Orb Guardians (Zot:5)
  A death cob (Zot:2)
  2 tengu reavers
  A shadow dragon (Vaults:5)
  A draconian knight (Zot:4)
  2 fire giants
  A deep elf elementalist (Elf:3)
  A vault warden (Vaults:3)
  A cacodemon (Zot:3)
  A draconian shifter (Zot:4)
  2 green draconians (Zot:4)
  2 stone giants
  Nessos (Lair:4)
  A bunyip (Swamp:2)
  A white draconian (Zot:1)
  A yellow draconian (Zot:1)
  2 purple draconians
  A red draconian (Zot:5)
  Snorg (Orc:2)
  A deep elf death mage (Elf:3)
  3 yaktaur captains
  2 deep elf high priests (Elf:3)
  An entropy weaver (Vaults:3)
  A dancing weapon (Elf:2)
  A shock serpent (Snake:4)
  A deep elf knight (Elf:1)
  An iron troll (Depths:3)
  A swamp dragon (Swamp:4)
  A bog body (Swamp:4)
  An ironbound convoker (Vaults:5)
  2 deep elf archers (Elf:1)
  A wizard (Depths:3)
  2 lindwurms
  A deep elf zephyrmancer (Elf:2)
  A worldbinder (Gauntlet)
  4 deep elf pyromancers
  2 manticores (D:15)
  A naga mage (Snake:4)
  A rust devil (Depths:2)
  A black mamba (Snake:2)
  2 yaktaurs
  An anaconda simulacrum (IceCv)
  A tengu conjurer (Depths:3)
  3 bloated husks
  A troll (Orc:2)
  A tyrant leech (Swamp:4)
  2 blink frogs (Lair:4)
  An air elemental (Elf:3)
  2 yaks (D:11)
  A redback (Vaults:3)
  A wolf (Lair:3)
  A centaur (D:15)
  A lindwurm simulacrum (IceCv)
  3 orc wizards (Orc:2)
  An orc (Orc:2)
  5 briar patches (Swamp:2)
  12 demonic plants (Gauntlet)
  22 foxfires
  13 fungi
  49 plants
181 creatures vanquished.

Grand Total: 2108 creatures vanquished

Notes
Turn   | Place    | Note
-------+----------+-------------------------------------------
     0 | D:1      | pokedragonboy the Gargoyle Fighter began the quest for the
                  | Orb.
     0 | D:1      | Reached XP level 1. HP: 14/14 MP: 1/1
    85 | D:1      | Reached skill level 2 in Axes
   116 | D:1      | Reached XP level 2. HP: 19/19 MP: 2/2
   669 | D:1      | Reached XP level 3. HP: 23/23 MP: 3/3
  1311 | D:2      | Reached skill level 3 in Axes
  1311 | D:2      | Reached XP level 4. HP: 25/29 MP: 4/4
  1917 | D:3      | Identified the +0 leather armour "Sohuhuic" {rF+ rC- Dex+3}
  1980 | D:3      | Noticed Robin
  1997 | D:3      | Killed Robin
  2614 | D:3      | Noticed Sigmund
  2621 | D:3      | Killed Sigmund
  2622 | D:3      | Reached skill level 4 in Axes
  2622 | D:3      | Reached XP level 5. HP: 26/34 MP: 5/5
  2622 | D:3      | Reached XP level 6. HP: 30/39 MP: 6/6
  2693 | D:3      | Noticed Ijyb
  2708 | D:3      | Killed Ijyb
  2866 | D:3      | Noticed Natasha
  2870 | D:3      | Killed Natasha
  3163 | D:4      | Found a shadowy altar of Dithmenos.
  3641 | D:4      | Noticed a black bear
  3657 | D:4      | Killed a black bear
  3658 | D:4      | Reached skill level 5 in Fighting
  3658 | D:4      | Reached skill level 5 in Axes
  3658 | D:4      | Reached skill level 5 in Armour
  3658 | D:4      | Reached XP level 7. HP: 14/44 MP: 7/7
  3924 | D:4      | Found a staircase to the Ecumenical Temple.
  3933 | Temple   | Entered the Ecumenical Temple
  4187 | D:5      | Entered Level 5 of the Dungeon
  4309 | D:5      | Found a blossoming altar of Fedhas.
  4406 | D:5      | Found a shimmering blue altar of Sif Muna.
  4684 | D:6      | Reached XP level 8. HP: 48/51 MP: 8/8
  4694 | D:6      | Reached skill level 6 in Axes
  4943 | D:6      | Found a sacrificial altar of Ru.
  4955 | D:6      | Became a worshipper of Ru the Awakened
  4973 | D:6      | Found a burning altar of Makhleb.
  5162 | D:6      | Found a runed translucent gate.
  5162 | D:6      | Found a runed translucent gate.
  5163 | D:6      | Found a runed translucent gate.
  5164 | D:6      | Noticed a kobold demonologist
  5164 | D:6      | Noticed cforsyth's ghost (amateur OpSu)
  5267 | D:6      | Reached skill level 7 in Axes
  5270 | D:6      | Reached XP level 9. HP: 36/57 MP: 9/9
  5694 | D:7      | Reached skill level 8 in Axes
  6092 | D:7      | Found a radiant altar of Vehumet.
  6503 | D:8      | Noticed a two-headed ogre
  6563 | D:8      | Found a stormy altar of Qazlal.
  6631 | D:8      | Killed a two-headed ogre
  6632 | D:8      | Reached skill level 1 in Conjurations
  6632 | D:8      | Reached skill level 1 in Hexes
  6632 | D:8      | Reached skill level 1 in Poison Magic
  6632 | D:8      | Reached XP level 10. HP: 35/64 MP: 10/10
  6727 | D:8      | Found the +0 toga "Victory" {*Victory Clar}
  6750 | D:8      | Reached skill level 9 in Axes
  6914 | D:8      | Found an ornate altar of the Wu Jian Council.
  7163 | D:8      | Found a basalt altar of Yredelemnul.
  7413 | D:9      | Found a staircase to the Orcish Mines.
  7586 | D:9      | Noticed a two-headed ogre
  7597 | D:10     | Entered Level 10 of the Dungeon
  7597 | D:10     | Noticed Nergalle
  7601 | D:10     | Killed Nergalle
  7608 | D:10     | Identified 2 scrolls of acquirement
  7682 | D:10     | Noticed a two-headed ogre
  7689 | D:10     | Killed a two-headed ogre
  7690 | D:10     | Reached XP level 11. HP: 59/71 MP: 11/11
  7825 | D:10     | Noticed Lodul
  7994 | D:10     | Reached skill level 10 in Fighting
  7994 | D:10     | Reached skill level 10 in Axes
  8098 | D:10     | Found a portal to a secret trove of treasure.
  8110 | D:10     | Reached skill level 10 in Armour
  8179 | D:10     | Killed Lodul
  8234 | D:10     | You paid a toll of 2 scrolls of acquirement to enter a
                  | treasure trove
  8235 | Trove    | Entered a treasure trove
  8238 | Trove    | Found the +2 shield of Resistance {rF++ rC++ Will++}
  8247 | Trove    | Identified the +0 helmet of the Mackerel {rC+ rN++ Str-3
                  | SInv}
  8253 | Trove    | Identified the +3 leather armour of Omission {+Blink Fly
                  | rF+ Int-3}
  8255 | Trove    | Identified the +1 cloak of Zowkimune {rElec rF+ Str+4}
  8259 | Trove    | Identified the +0 crystal plate armour "Puotza" {rPois rF-
                  | rN+++ Dex-3}
  8261 | Trove    | Identified the +2 plate armour of Minor Irritation {rF- rN+
                  | rCorr Int+3}
  8263 | Trove    | Identified the +0 pair of gloves of Decompression {Will+
                  | Dex+4}
  8266 | Trove    | Identified the -2 helmet of the Dice {rF- rCorr Str+8
                  | Dex+6}
  8287 | Trove    | Identified the +5 scale mail "Wuopuzi" {Str-3 Int+3 Dex+3
                  | Stlth+}
  8812 | D:9      | Killed a two-headed ogre
  9428 | D:10     | Found a shimmering altar of Xom.
  9429 | D:10     | Found a hide-covered altar of Uskayaw.
  9546 | D:11     | Noticed a cyan ugly thing
  9560 | D:11     | Killed a cyan ugly thing
  9570 | D:11     | Reached skill level 5 in Conjurations
  9570 | D:11     | Reached XP level 12. HP: 79/79 MP: 0/12
  9854 | D:11     | Noticed Sonja
  9901 | D:11     | Found a staircase to the Lair.
 10166 | D:11     | Found a one-way gate to the infinite horrors of the Abyss.
 10166 | D:11     | Identified the +6 dagger "Orb Guardian's Peril" {distort,
                  | rCorr Dex+3 Stlth+}
 10166 | D:11     | Identified the +1 robe of the Blizzard {+Inv Will+ Int-5}
 10395 | D:11     | Found a large runed translucent door.
 10400 | D:11     | Found a large runed translucent door.
 10402 | D:11     | Found a corrupted altar of Lugonu.
 10617 | D:11     | Noticed a soul eater
 10859 | Lair:1   | Entered Level 1 of the Lair of Beasts
 10885 | Lair:1   | Reached skill level 5 in Poison Magic
 11087 | Lair:1   | Reached skill level 11 in Axes
 12028 | Lair:1   | Reached skill level 5 in Hexes
 12581 | Lair:1   | Found the +8 whip "Snakebite" {venom, curare, rPois}
 12596 | Lair:1   | Gained mutation: You cannot study or cast Poison magic. [Ru
                  | sacrifice]
 12596 | Lair:1   | Gained mutation: You cannot study or cast Hexes magic. [Ru
                  | sacrifice]
 12596 | Lair:1   | Gained mutation: You cannot study or cast Conjurations
                  | magic. [Ru sacrifice]
 12596 | Lair:1   | Reached * piety under Ru
 12704 | Lair:2   | Noticed a six-headed hydra
 12711 | Lair:2   | Killed a six-headed hydra
 12913 | Lair:2   | Reached XP level 13. HP: 81/86 MP: 1/13
 12921 | Lair:2   | Found a gate leading to a gauntlet.
 12942 | Gauntlet | Entered a Gauntlet
 12942 | Gauntlet | Found a transporter.
 12942 | Gauntlet | Found a transporter.
 12942 | Gauntlet | Found a transporter.
 12965 | Gauntlet | Found a transporter.
 13009 | Gauntlet | Found a transporter.
 13019 | Gauntlet | Found a transporter.
 13037 | Gauntlet | Found a transporter.
 13083 | Gauntlet | Found a transporter.
 13113 | Gauntlet | Noticed a balrug
 13133 | Gauntlet | Found a transporter.
 13193 | Gauntlet | Found a transporter.
 13198 | Gauntlet | Found a transporter.
 13204 | Gauntlet | Found a transporter.
 13605 | Gauntlet | Noticed a white very ugly thing
 13605 | Gauntlet | Noticed an ironbound thunderhulk
 13605 | Gauntlet | Noticed an ironbound thunderhulk
 13625 | Gauntlet | Identified the ring "Wacanaf" {rPois Will+ rCorr Int-5}
 13773 | Gauntlet | Reached skill level 12 in Axes
 13783 | Gauntlet | Identified the +8 arbalest "Muqiedix" {freeze, rPois rN+
                  | MP-9}
 13859 | Gauntlet | Noticed a minotaur
 14087 | Lair:2   | Found a staircase to the Swamp.
 14890 | Lair:2   | Reached skill level 1 in Evocations
 15491 | Lair:3   | Found a staircase to the Snake Pit.
 15741 | Lair:3   | Gained mutation: You are slightly weak-willed. (Will-) [Ru
                  | sacrifice]
 15741 | Lair:3   | Reached ** piety under Ru
 15899 | Lair:3   | Identified the +0 helmet of the Fresh Grue {rCorr}
 16366 | Lair:4   | You are sucked into a shaft and drop 1 floor!
 16366 | Lair:5   | Entered Level 5 of the Lair of Beasts
 16395 | Lair:4   | Noticed Urug
 16408 | Lair:4   | Reached skill level 5 in Shields
 16409 | Lair:4   | Killed Urug
 16797 | Lair:4   | Noticed Nessos
 16869 | Lair:4   | Killed Nessos
 16870 | Lair:4   | Reached skill level 13 in Axes
 16870 | Lair:4   | Gained mutation: Your large and strong wings let you fly.
                  | [Gargoyle growth]
 16870 | Lair:4   | Reached XP level 14. HP: 46/94 MP: 1/14
 17149 | Lair:4   | Found a runed translucent door.
 17149 | Lair:4   | Noticed Avaziugi's ghost (journeyman OpTm)
 17709 | Lair:5   | Gained mutation: Your casting is slightly disrupted. [Ru
                  | sacrifice]
 17709 | Lair:5   | Reached *** piety under Ru
 17850 | Lair:5   | Found a viscous altar of Jiyva.
 17927 | Lair:5   | Found a staircase to the Slime Pits.
 19518 | Lair:5   | Found a corrupted altar of Lugonu.
 19535 | Lair:5   | Identified the +1 ring mail of Love and Death {Rampage
                  | *Slow rN+}
 20394 | D:12     | Gained mutation: You cannot train Dodging skill. [Ru
                  | sacrifice]
 20394 | D:12     | Reached **** piety under Ru
 20546 | D:12     | Identified the +3 leather armour of the Realm of Zot {+Inv
                  | Stlth+}
 21191 | D:13     | Reached skill level 14 in Axes
 21301 | D:13     | Reached skill level 5 in Evocations
 22255 | D:14     | Reached XP level 15. HP: 51/97 MP: 6/15
 22526 | Orc:1    | Entered Level 1 of the Orcish Mines
 22790 | Orc:2    | Entered Level 2 of the Orcish Mines
 22832 | Orc:2    | Found a flickering gateway to a bazaar.
 22846 | Orc:2    | Found a staircase to the Elven Halls.
 22849 | Orc:2    | Noticed Snorg
 22868 | Orc:2    | Killed Snorg
 23121 | Bazaar   | Entered a bazaar
 23122 | Bazaar   | Found Junan's Jewellery Emporium.
 23240 | Bazaar   | Found Modoefaz's Antique Armour Boutique.
 23240 | Bazaar   | Found Nohoaryl's Assorted Antiques.
 23307 | Bazaar   | Found Pikk's Weapon Shoppe.
 23384 | Bazaar   | Bought a pair of embroidered boots for 202 gold pieces
 23394 | Bazaar   | Bought a scroll of magic mapping for 202 gold pieces
 23394 | Bazaar   | Bought a scroll of identify for 54 gold pieces
 23394 | Bazaar   | Bought a wand of digging (4) for 453 gold pieces
 23786 | Orc:2    | Gained mutation: You are hated by all. [Ru sacrifice]
 23786 | Orc:2    | Reached ***** piety under Ru
 23941 | Orc:2    | Found Ymeome's Book Shoppe.
 23961 | Orc:2    | Found a radiant altar of Vehumet.
 23996 | Orc:2    | Found Lyall's Distillery.
 24022 | Orc:2    | Found Quarilon's Magic Scroll Emporium.
 24025 | Orc:2    | Bought a potion of curing for 54 gold pieces
 24025 | Orc:2    | Bought a potion of mutation for 144 gold pieces
 24025 | Orc:2    | Bought a potion of haste for 180 gold pieces
 24033 | Orc:2    | Bought a scroll of identify for 34 gold pieces
 24048 | Orc:2    | Found an ancient bone altar of Kikubaaqudgha.
 24050 | Orc:2    | Found Rusmu's Antique Armour Shoppe.
 24952 | D:14     | Found a gate to the Vaults.
 25757 | D:14     | Found a burning altar of Makhleb.
 26033 | D:15     | Entered Level 15 of the Dungeon
 26082 | D:15     | Reached skill level 15 in Axes
 26411 | D:15     | Found a staircase to the Depths.
 26468 | D:15     | Noticed a fire giant
 26469 | D:15     | Noticed a storm dragon
 26470 | D:15     | Found a runed translucent door.
 26801 | D:15     | Gained mutation: Your casting is disrupted. [Ru sacrifice]
 26801 | D:15     | Reached ****** piety under Ru
 27769 | Snake:1  | Entered Level 1 of the Snake Pit
 27778 | Snake:1  | Found Jejukk's Antique Weapon Shop.
 27792 | Snake:1  | Found Wanuazush's Jewellery Boutique.
 27826 | Snake:1  | Reached skill level 15 in Fighting
 28856 | Snake:2  | Reached XP level 16. HP: 108/108 MP: 16/16
 29604 | Snake:3  | Reached skill level 10 in Shields
 29617 | Snake:3  | Reached skill level 16 in Axes
 30419 | Snake:3  | Noticed a nagaraja
 30432 | Snake:3  | Killed a nagaraja
 30596 | Snake:4  | Entered Level 4 of the Snake Pit
 30648 | Snake:4  | Reached skill level 15 in Armour
 30851 | Snake:4  | Noticed a nagaraja
 30872 | Snake:4  | Killed a nagaraja
 31379 | Snake:4  | Noticed a nagaraja
 31380 | Snake:4  | Reached XP level 17. HP: 98/112 MP: 8/17
 31383 | Snake:4  | Noticed Vashnia
 31422 | Snake:4  | Reached skill level 17 in Axes
 31483 | Snake:4  | Killed Vashnia
 31594 | Snake:4  | Got a serpentine rune of Zot
 31913 | Swamp:1  | Entered Level 1 of the Swamp
 31994 | Swamp:1  | Found a frozen archway.
 32311 | IceCv    | Entered an ice cave
 32314 | IceCv    | Found a transporter.
 32351 | IceCv    | Found a transporter.
 32357 | IceCv    | Identified the +4 long sword of Theory {antimagic, *Corrode
                  | rElec Str-4 Int+4}
 33383 | Swamp:2  | Acquired 1114 gold pieces
 33503 | Swamp:2  | Noticed Nikola
 33518 | Swamp:2  | Killed Nikola
 33651 | Swamp:2  | Noticed Donald
 33669 | Swamp:2  | Reached XP level 18. HP: 105/122 MP: 18/18
 33686 | Swamp:2  | Killed Donald
 33786 | Swamp:2  | Noticed Roxanne
 33814 | Swamp:2  | Killed Roxanne
 33815 | Swamp:2  | Reached skill level 18 in Axes
 34168 | Swamp:2  | Identified the ring "Elyng" {rC+ Int+6 Dex+4 Slay+5 Stlth-}
 34551 | Swamp:2  | Noticed a tentacled monstrosity
 34561 | Swamp:2  | Killed a tentacled monstrosity
 35039 | Swamp:3  | Noticed Mlioglotl
 35047 | Swamp:3  | Killed Mlioglotl
 35149 | Swamp:3  | Identified the +8 flail of the Thirteen Scars {freeze, rN++
                  | Will+ rCorr Dex+3}
 35396 | Swamp:4  | Entered Level 4 of the Swamp
 36083 | Swamp:4  | Noticed a tentacled monstrosity
 36098 | Swamp:4  | Killed a tentacled monstrosity
 36177 | Swamp:4  | Got a decaying rune of Zot
 36682 | Elf:1    | Entered Level 1 of the Elven Halls
 36778 | Elf:1    | Reached skill level 19 in Axes
 36887 | Elf:1    | Paralysed by an air elemental for 1 turns
 36890 | Elf:1    | Paralysed by an air elemental for 1 turns
 36968 | Elf:1    | Found Duibehil's Antique Armour Boutique.
 36976 | Elf:1    | Bought a glowing plate armour for 962 gold pieces
 37005 | Elf:1    | Reached XP level 19. HP: 129/129 MP: 19/19
 37523 | Elf:2    | Found Fuxat's Distillery.
 37526 | Elf:2    | Bought a potion of ambrosia for 136 gold pieces
 37526 | Elf:2    | Bought a potion of heal wounds for 85 gold pieces
 37526 | Elf:2    | Bought a potion of curing for 51 gold pieces
 37526 | Elf:2    | Bought a potion of curing for 51 gold pieces
 37526 | Elf:2    | Bought a potion of might for 68 gold pieces
 37526 | Elf:2    | Bought a potion of heal wounds for 85 gold pieces
 37819 | Elf:2    | Identified the +0 robe of Fun and Games {Will+}
 37892 | Elf:2    | Found a runed translucent gate.
 37893 | Elf:2    | Found a runed translucent gate.
 37893 | Elf:2    | Found a runed translucent gate.
 38695 | Elf:3    | Entered Level 3 of the Elven Halls
 38741 | Elf:3    | Noticed a Brimstone Fiend
 38761 | Elf:3    | Identified the +7 scimitar of False Accusations {antimagic,
                  | Dex+2}
 38773 | Elf:3    | Identified the +6 broad axe of Summertime {freeze, Str+3}
 38814 | Elf:3    | Identified the +0 leather armour "Jehant" {Int+8 Dex+2}
 38814 | Elf:3    | Identified the ring "Heataut" {rPois rF+}
 38989 | Elf:3    | Identified the amulet of the Zebra {Faith Fly Int+2}
 39025 | Elf:3    | Noticed an Ice Fiend
 39492 | Depths:1 | Entered Level 1 of the Depths
 39512 | Depths:1 | Reached skill level 20 in Axes
 39605 | Depths:1 | Reached XP level 20. HP: 105/137 MP: 20/20
 39674 | Depths:1 | Found a gateway to Hell.
 39681 | Depths:1 | Found a one-way gateway to a ziggurat.
 39681 | Depths:1 | Noticed a dread lich
 40112 | Depths:1 | You are sucked into a shaft and drop 1 floor!
 40117 | Depths:2 | Noticed a caustic shrike
 40123 | Depths:2 | Killed a caustic shrike
 40126 | Depths:2 | Noticed a golden dragon
 40181 | Depths:1 | Killed a golden dragon
 40258 | Depths:1 | Reached skill level 15 in Shields
 40875 | Depths:2 | Found a one-way gate leading to the halls of Pandemonium.
 41629 | Depths:3 | Found a gateway to a bazaar.
 41638 | Bazaar   | Entered a bazaar
 41638 | Bazaar   | Found Nunyinea's Assorted Antiques.
 41638 | Bazaar   | Found Fyduriama's Weapon Shop.
 41658 | Bazaar   | Found Etrellun's Assorted Antiques.
 41659 | Bazaar   | Bought a scroll of enchant armour for 180 gold pieces
 41659 | Bazaar   | Bought a potion of ambrosia for 192 gold pieces
 41659 | Bazaar   | Bought a potion of curing for 72 gold pieces
 41659 | Bazaar   | Bought a twitching tin ring for 120 gold pieces
 41659 | Bazaar   | Identified the ring "Epuracwio" {rCorr EV+5 Int-5 Slay+2
                  | Stlth+} (You bought it in a shop in a bazaar)
 41668 | Bazaar   | Bought 3 scrolls of teleportation for 369 gold pieces
 41668 | Bazaar   | Bought a scroll of teleportation for 123 gold pieces
 41679 | Bazaar   | Found Pomad's Jewellery Shoppe.
 41687 | Bazaar   | Bought the ring "Soyfojatz" {rF- Will+++ Str+6 Slay+4} for
                  | 808 gold pieces
 41691 | Bazaar   | Found Deggal's Magic Scroll Boutique.
 41699 | Bazaar   | Bought 2 scrolls of blinking for 165 gold pieces
 41997 | Depths:3 | Reached XP level 21. HP: 106/144 MP: 21/21
 42005 | Depths:3 | Reached skill level 21 in Axes
 42611 | Depths:3 | Identified the ring "Ducrejad" {rElec rC++ Str+3 Int+6}
 42614 | Depths:3 | Identified the staff of earth "Gicoh" {rElec rPois rCorr
                  | Str-4}
 42617 | Depths:3 | Noticed an ancient lich
 42777 | Depths:3 | Killed an ancient lich
 43672 | Depths:4 | Entered Level 4 of the Depths
 43687 | Depths:4 | Paralysed by a floating eye for 2 turns
 43903 | Depths:4 | Noticed a caustic shrike
 43904 | Depths:4 | Noticed a caustic shrike
 43914 | Depths:4 | Killed a caustic shrike
 43924 | Depths:4 | Killed a caustic shrike
 43929 | Depths:4 | Noticed a caustic shrike
 43940 | Depths:4 | Killed a caustic shrike
 44030 | Depths:4 | Noticed a golden dragon
 44030 | Depths:4 | Noticed a bone dragon
 44072 | Depths:4 | Killed a bone dragon
 44117 | Depths:4 | Noticed a golden dragon
 44134 | Depths:4 | Killed a golden dragon
 44163 | Depths:4 | Killed a golden dragon
 44244 | Depths:4 | Found a gate to the Realm of Zot.
 44502 | Depths:4 | Found Angar's Book Shoppe.
 45209 | Vaults:1 | Entered Level 1 of the Vaults
 45599 | Vaults:1 | Reached XP level 22. HP: 152/152 MP: 22/22
 45922 | Vaults:1 | Reached skill level 22 in Axes
 46019 | Vaults:1 | You are sucked into a shaft and drop 1 floor!
 46706 | Vaults:1 | Noticed Aizul
 46717 | Vaults:1 | Killed Aizul
 47391 | Vaults:2 | Found a staircase to the Crypt.
 48438 | Vaults:3 | Reached XP level 23. HP: 158/158 MP: 23/23
 48529 | Vaults:3 | Noticed Zenata
 48547 | Vaults:3 | Killed Zenata
 48769 | Vaults:3 | Noticed Frederick
 48785 | Vaults:3 | Killed Frederick
 48921 | Vaults:3 | Reached skill level 10 in Evocations
 49443 | Vaults:4 | Found Ulleome's Jewellery Boutique.
 49701 | Vaults:4 | Reached skill level 23 in Axes
 49923 | Vaults:4 | Identified the ring of Cuezeh {rCorr Int+2 Dex+6}
 50860 | Vaults:4 | Noticed Mara
 50867 | Vaults:4 | Noticed pokedragonboy's illusion
 50913 | Vaults:4 | Killed Mara
 51300 | Vaults:5 | Entered Level 5 of the Vaults
 51300 | Vaults:5 | Noticed a golden dragon
 51311 | Vaults:5 | Killed a golden dragon
 51634 | Vaults:5 | Noticed a dread lich
 51635 | Vaults:5 | Identified the +7 quarterstaff of Starshine {holy, Str-2
                  | Int+4}
 51636 | Vaults:5 | Noticed a dread lich
 51861 | Vaults:5 | Reached XP level 24. HP: 124/146 MP: 15/23
 51862 | Vaults:5 | Killed a dread lich
 51867 | Vaults:5 | Killed a dread lich
 51973 | Vaults:5 | Noticed an ancient lich
 51989 | Vaults:5 | Killed an ancient lich
 52194 | Vaults:5 | Reached skill level 24 in Axes
 52432 | Vaults:5 | Found Ogeamuv's Magic Scroll Shoppe.
 52440 | Vaults:5 | Bought a scroll of enchant armour for 105 gold pieces
 52440 | Vaults:5 | Bought a scroll of teleportation for 42 gold pieces
 52440 | Vaults:5 | Bought a scroll of silence for 133 gold pieces
 52440 | Vaults:5 | Bought a scroll of teleportation for 42 gold pieces
 52443 | Vaults:5 | Got a silver rune of Zot
 52549 | Vaults:5 | Noticed a dread lich
 52565 | Vaults:5 | Killed a dread lich
 52804 | Vaults:5 | Identified the +8 short sword "Coelis" {spect, Fly rElec
                  | rPois Dex-3}
 53010 | Vaults:5 | Identified the staff of cold "Wayfohos" {rC+ Dex+3}
 53585 | Zot:1    | Entered Level 1 of the Realm of Zot
 54070 | Zot:1    | Noticed a curse toe
 54083 | Zot:1    | Killed a curse toe
 54286 | Zot:1    | Noticed a dread lich
 54290 | Zot:1    | Found a runed translucent gate.
 54290 | Zot:1    | Found a runed translucent gate.
 54291 | Zot:1    | Found a runed translucent gate.
 54291 | Zot:1    | Noticed a curse toe
 54291 | Zot:1    | Noticed Lobster4's ghost (veteran MiHu)
 55219 | Zot:2    | Reached XP level 25. HP: 174/174 MP: 23/23
 56112 | Zot:3    | Got Piostes's Volume of Spelunking and the Charnel House
 56533 | Zot:4    | Identified the ring "Komonl Assi" {*Corrode rElec Will+
                  | Str+5 SInv}
 56973 | Zot:4    | Noticed Vaid's ghost (master GnFi)
 56977 | Zot:4    | Found a transporter.
 57054 | Zot:4    | Found a transporter.
 57085 | Zot:5    | Entered Level 5 of the Realm of Zot
 57140 | Zot:5    | Noticed an orb of fire
 57149 | Zot:5    | Gained mutation: Your body sometimes deteriorates upon
                  | taking damage. [an orb of fire]
 57160 | Zot:5    | Killed an orb of fire
 57634 | Zot:5    | Noticed an ancient lich
 57646 | Zot:5    | Killed an ancient lich
 57647 | Zot:5    | Reached XP level 26. HP: 160/183 MP: 8/23
 57649 | Zot:5    | Noticed a Killer Klown
 57652 | Zot:5    | Noticed a Killer Klown
 57655 | Zot:5    | Noticed an orb of fire
 57666 | Zot:5    | Noticed a Killer Klown
 57668 | Zot:5    | Noticed a Killer Klown
 57668 | Zot:5    | Gained mutation: You occasionally lose the ability to drink
                  | potions when taking damage. [an orb of fire]
 57670 | Zot:5    | Killed a Killer Klown
 57675 | Zot:5    | a Killer Klown changed into a titan
 57677 | Zot:5    | Gained mutation: You possess an exceptional clarity of
                  | mind. [an orb of fire]
 57682 | Zot:5    | Gained mutation: You are dopey. (Int -2) [an orb of fire]
 57689 | Zot:5    | Killed an orb of fire
 57697 | Zot:5    | Killed a Killer Klown
 57698 | Zot:5    | Noticed a Killer Klown
 57699 | Zot:5    | Killed a Killer Klown
 57731 | Zot:5    | Killed a Killer Klown
 57814 | Zot:5    | Noticed a Killer Klown
 57823 | Zot:5    | Noticed an orb of fire
 57825 | Zot:5    | Noticed a Killer Klown
 57827 | Zot:5    | Noticed a Killer Klown
 57830 | Zot:5    | Killed a Killer Klown
 57830 | Zot:5    | Noticed a Killer Klown
 57833 | Zot:5    | Noticed a dread lich
 57838 | Zot:5    | Gained mutation: You are vulnerable to heat. (rF-) [an orb
                  | of fire]
 57839 | Zot:5    | Killed an orb of fire
 57841 | Zot:5    | Noticed an ancient lich
 57848 | Zot:5    | Killed a Killer Klown
 57855 | Zot:5    | Killed a Killer Klown
 57864 | Zot:5    | Killed an ancient lich
 57865 | Zot:5    | Killed a dread lich
 57871 | Zot:5    | Killed a Killer Klown
 57885 | Zot:5    | Lost mutation: You are vulnerable to heat. (rF-) [potion of
                  | mutation]
 57885 | Zot:5    | Lost mutation: You possess an exceptional clarity of mind.
                  | [potion of mutation]
 57885 | Zot:5    | Lost mutation: You are dopey. (Int -2) [potion of mutation]
 57885 | Zot:5    | Gained mutation: You are agile. (Dex +4, Str/Int -1)
                  | [potion of mutation]
 57885 | Zot:5    | Gained mutation: You have sharp toenails. [potion of
                  | mutation]
 57885 | Zot:5    | Lost mutation: Your body sometimes deteriorates upon taking
                  | damage. [potion of mutation]
 57886 | Zot:5    | Got the Orb of Zot
 57904 | Zot:5    | Gained mutation: Your body sometimes deteriorates upon
                  | taking damage. [a neqoxec]
 57947 | Zot:5    | Reached skill level 25 in Axes
 58208 | Depths:4 | Noticed Gaativeh the pandemonium lord
 58311 | Depths:1 | Gained mutation: You are occasionally teleported next to
                  | monsters. [a neqoxec]
 58326 | D:15     | Lost mutation: Your body sometimes deteriorates upon taking
                  | damage. [potion of mutation]
 58326 | D:15     | Lost mutation: You occasionally lose the ability to drink
                  | potions when taking damage. [potion of mutation]
 58326 | D:15     | Lost mutation: You are agile. (Dex +4, Str/Int -1) [potion
                  | of mutation]
 58326 | D:15     | Gained mutation: You are clumsy. (Dex -2) [potion of
                  | mutation]
 58326 | D:15     | Gained mutation: You are somewhat resistant to further
                  | mutation. [potion of mutation]
 58686 | D:1      | Noticed Qarufus the pandemonium lord
 58724 | D:$      | Escaped with the Orb!

Illustrated notes

Levels and vault maps discovered:
D:1:      saegor_arrival_simple_b, layout_basic
D:2:      layout_basic, kennysheep_generic_room_12
D:3:      layout_basic, uniq_sigmund, uniq_robin, uniq_natasha, uniq_ijyb
D:4:      layout_cave_pods, mainiacjoe_overflow_cross_hatched,
          minmay_temple_entry_antechambers, minmay_close_crescents
D:5:      layout_cave_pools, mainiacjoe_overflow_catwalk_spiral
D:6:      layout_basic, mainiacjoe_overflow_concentric_impassable,
          lemuel_tele_altar, gammafunk_ghost_nasty_kobolds, minmay_mini_ossuary
D:7:      layout_loops_corners, vehumet_crystals
D:8:      layout_basic, mainiacjoe_overflow_boulevard,
          nicolae_wu_jian_wuxing_cycle, mainiacjoe_overflow_alcove_2
D:9:      layout_stronghold, orc_0_dummy, kennysheep_generic_room_3
D:10:     layout_cave_pools, gammafunk_temple_overflow_statue,
          nicolae_trove_entry_path_of_doom, grunt_livestock, minivault_1,
          kennysheep_windowed_goal, uniq_lodul, uniq_nergalle
D:11:     due_chaos_kobolds, layout_loops_ring, david_lair_shrubbed,
          st_stairs_14, lemuel_flame_loot_1, uniq_sonja
D:12:     layout_stronghold
D:13:     layout_long_grid
D:14:     layout_stronghold, david_vaults_5, nzn_hepliaklqana_mist_gate,
          makhleb_altar_promises_db
D:15:     hangedman_depths_entry_try_elsewhere_first, layout_basic,
          minmay_misc_feat_more_columns, hangedman_abyss_or_decor_lesser_grid,
          minmay_hidden_floor
Temple:   jpeg_temple_clearing
Lair:1:   minmay_guarded_unrand_snakebite, layout_hall_layers,
          nicolae_lair_lindhole
Lair:2:   layout_small_grid, minmay_swamp_entry_swarm, special_room
          [special_room_bee], gauntlet_entry_generic, lemuel_fruit_fields,
          lemuel_fruit_tree, grunt_megastairs_1
Lair:3:   layout_gridlike, minmay_snake_entry_guardpost_small,
          chequers_serial_rivers_small_a, grunt_megastairs_2,
          serial_bayou_shore_a
Lair:4:   layout_big_grid, ebering_ghost_inner_flame, uniq_urug, uniq_nessos
Lair:5:   hellmonk_lair_end_abyssal_woods, layout_cave_pods,
          nicolae_slime_entry_field_trip
Swamp:1:  layout_basic_swamp, portal_ice_cave_entry_pillars_three,
          evilmike_swamp_ruin_house_2, nicolae_swamp_trees_clearing,
          hangedman_swamp_grove
Swamp:2:  nzn_winding_woodlands_cross [nzn_winding_woodlands_5x15_cabin,
          nzn_winding_woodlands_5x15_lazy_stream,
          nzn_winding_woodlands_5x15_eye, nzn_winding_woodlands_5x15_sawtooth,
          nzn_winding_woodlands_15x15_boxy_spiral], layout_falls_marsh,
          infiniplex_staircase_pool, uniq_roxanne, uniq_nikola, uniq_donald
Swamp:3:  layout_basic_swamp, evilmike_swamp_ruin_house_1, swamp_pool3,
          uniq_mlioglotl
Swamp:4:  swamp_vile, layout_basic_swamp
Snake:1:  layout_cave_pods, grunt_megastairs_5, minmay_shoptagon
Snake:2:  layout_gridlike
Snake:3:  layout_gridlike
Snake:4:  johnstein_snake_rune_scales, layout_misc_corridors,
          nicolae_integral_box
Orc:1:    layout_caves
Orc:2:    kennysheep_orc_mage_school, layout_caves, basic_altar, serial_shops,
          bzr_entry_lakeside, uniq_snorg
Elf:1:    minmay_elf_arrival_summoners, layout_loops_cross, serial_shops, shop,
          minmay_elf_demonology, nicolae_elf_blasts_and_bolts
Elf:2:    nicolae_elf_blades_crystal_corner, layout_onion_city, serial_shops,
          nicolae_stop_n_shop_2
Elf:3:    grunt_elf_hall_spiral, layout_loops_corners
Vaults:1: v_pattern_3, nicolae_vaults_network_quincunx
          [nicolae_vaults_network_quincunx_subvault,
          nicolae_vaults_network_quincunx_subvault,
          nicolae_vaults_network_quincunx_subvault,
          nicolae_vaults_network_quincunx_subvault,
          nicolae_vaults_network_quincunx_subvault], nicolae_vaults_what_the_h,
          nicolae_vaults_alarming, nicolae_vaults_little_squares_1,
          hangedman_vaults_nodes, v_misc_15, hangedman_vaults_corner,
          st_lattice, ontoclasm_vaults_tryst, layout_vaults_big_cross,
          uniq_aizul
Vaults:2: nicolae_vaults_diagonal_hallway_8, st_spiral_rooms,
          minmay_crypt_entry_simple_statues, vaults_room_large_hall,
          vaults_dpeg_diagonal, vaults_room_door_ring, vaults_mumra_hex,
          nicolae_vaults_little_squares_4, layout_vaults_quadrants,
          uniq_bai_suzhen
Vaults:3: nicolae_vaults_specimen_jars, nicolae_vaults_rhombus_6, v_rooms_1,
          st_smaller_cells, nicolae_vaults_little_squares_4,
          hangedman_vaults_locks, nicolae_vaults_little_squares_6, v_misc_26,
          v_alt_pattern_5, grunt_vaults_funnel, v_pattern_5,
          ontoclasm_vaults_idyll, vaults_dpeg_hooks, layout_vaults_chaotic_city,
          uniq_zenata, uniq_frederick
Vaults:4: nicolae_vaults_mini_display_case, v_rooms_2, v_misc_11,
          nicolae_vaults_quadrants, v_misc_1, v_misc_12, v_misc_30,
          ontoclasm_vaults_decontamination, vaults_room_pools,
          layout_vaults_ring, serial_shops, nicolae_shop_advertising_works
          [nicolae_subvault_shop_adworks], uniq_mara
Vaults:5: serial_shops
Depths:1: layout_gridlike, enter_ziggurat_c, hell_entry,
          hangedman_abyss_or_decor_slice, minmay_misc_feat_ornament,
          st_stairs_13, minmay_starry_boxes
Depths:2: hangedman_cross_stitches, layout_cave_pools, basic_altar,
          abyss_entry_small_statue_room, hell_entry, grunt_pan_entry_in_and_out,
          minmay_staircase_bubble
Depths:3: cheibrodos_cascadia, layout_gridville, pf_hell_entry_great_geh,
          abyss_entry, serial_shops, bzr_in_the_mist, statue_in_the_mist_lemuel,
          roderic_lattice_octagonal_star
Depths:4: grunt_zot_entry_alcove, layout_small_grid, lightli_too_deep,
          infiniplex_staircase_pool_lava, serial_shops, shop_fountains
Zot:1:    layout_cathedral_of_symmetry, gammafunk_ghost_necromancy
Zot:2:    layout_gridlike, zot_minivault_3
Zot:3:    layout_misc_corridors
Zot:4:    layout_concentric_octagons, gammafunk_ghost_arena
Zot:5:    layout_basic

Skill      XL: |  1  2  3  4  5  6  7  8  9 10 11 12 13 14 15 16 17 18 19 20 21 22 23 24 25 26 |
---------------+-------------------------------------------------------------------------------+-----
Axes           | 2 3 4 5 7 8 9 10 11 13 14 15 16 17 19 20 21 22 23 24 25 | 25.0
Fighting       | 4 5 7 8 9 10 12 13 14 15 16 17 18 19 20 21 22 23 24 | 24.2
Armour         | 4 5 6 8 9 10 11 12 13 14 15 16 17 18 19 20 21 22 23 | 23.7
Conjurations   | 1 3 5 0 |  0.0
Hexes          | 1 2 4 0 |  0.0
Poison Magic   | 1 3 4 0 |  0.0
Shields        | 5 7 9 11 12 13 14 15 16 17 19 20 21 | 21.3
Evocations     | 3 5 6 8 9 10 | 10.0

Action                     |  1- 3 |  4- 6 |  7- 9 | 10-12 | 13-15 | 16-18 | 19-21 | 22-24 | 25-27 || total
---------------------------+-------+-------+-------+-------+-------+-------+-------+-------+-------++-------
  Melee: War axe           |   103 |   155 |   300 |   606 |  1362 |  1569 |  1471 |  1554 |   817 ||  7937
         Morningstar       |       |       |       |     6 |       |       |       |       |       ||     6
         Broad axe         |       |       |       |       |       |       |     9 |       |       ||     9
  Throw: Throwing net      |       |       |       |     2 |       |       |       |       |       ||     2
 Invoke: Sacrifice Arcana  |       |       |       |     1 |       |       |       |       |       ||     1
         Sacrifice Essence |       |       |       |       |     3 |       |       |       |       ||     3
         Draw Out Power    |       |       |       |       |     2 |     2 |       |       |       ||     4
         Sacrifice Nimblen |       |       |       |       |     1 |       |       |       |       ||     1
         Sacrifice Love    |       |       |       |       |     1 |       |       |       |       ||     1
         Power Leap        |       |       |       |       |       |     6 |     4 |       |     2 ||    12
         Apocalypse        |       |       |       |       |       |     2 |     2 |     3 |     2 ||     9
  Evoke: Phial of floods   |       |       |       |     1 |       |       |       |       |       ||     1
         Lightning rod     |       |       |       |       |       |       |       |     1 |       ||     1
    Use: Scroll            |       |     2 |       |    20 |     9 |     6 |     4 |     3 |     4 ||    48
         Potion            |       |       |       |     9 |     5 |     2 |       |       |     3 ||    19
   Stab: Petrified         |       |       |       |       |     4 |       |       |       |       ||     4
         Distracted        |       |       |       |       |     6 |    10 |    13 |     4 |     6 ||    39
         Invisible         |       |       |       |       |    11 |    21 |     6 |    11 |    18 ||    67
         Paralysed         |       |       |       |       |     1 |     9 |    11 |    22 |     5 ||    48
         Petrifying        |       |       |       |       |       |       |       |     1 |       ||     1
         Confused          |       |       |       |       |       |       |       |       |     3 ||     3
 Armour: Scale mail        |    57 |    71 |   130 |       |       |       |       |       |       ||   258
         Chain mail        |       |       |    12 |   395 |   298 |       |       |       |       ||   705
         Skin              |       |       |       |    27 |       |       |       |       |       ||    27
         Plate armour      |       |       |       |       |   469 |   647 |   689 |   745 |   525 ||  3075
  Dodge: Dodged            |    61 |   102 |   230 |   364 |   588 |   355 |   293 |   418 |   287 ||  2698
  Block: Buckler           |    26 |    23 |    76 |    74 |       |       |       |       |       ||   199
         Kite shield       |       |       |       |   277 |   990 |  1153 |  1158 |  1259 |   832 ||  5669
         Reflection        |       |       |       |       |    35 |    77 |    39 |    48 |    10 ||   209

Table legend: (Time is in decaauts)
 A = Elapsed time spent in this place.
 B = Non-inter-level travel time spent in this place.
 C = Inter-level travel time spent in this place.
 D = Time resting spent in this place.
 E = Time spent auto-exploring this place.
 F = Levels seen in this place.
 G = Mean time per level.
                   A        B        C        D        E       F      G
               +--------+--------+--------+--------+--------+-----+--------+
         Total |  57795 |  51976 |   5819 |   4574 |  33728 |  53 | 1090.5 |
       Dungeon |  18321 |  15674 |   2647 |   1313 |  11283 |  15 | 1221.4 |
        Temple |    120 |     82 |     38 |      0 |     71 |   1 |  120.0 |
          Lair |   8586 |   7860 |    726 |    576 |   5625 |   5 | 1717.2 |
         Swamp |   3963 |   3804 |    159 |    807 |   1954 |   4 |  990.8 |
     Snake Pit |   3961 |   3742 |    219 |     13 |   2770 |   4 |  990.2 |
  Orcish Mines |   1753 |   1608 |    145 |    188 |    918 |   2 |  876.5 |
   Elven Halls |   2426 |   2186 |    240 |      0 |   1356 |   3 |  808.7 |
        Vaults |   7323 |   6608 |    715 |    575 |   4332 |   5 | 1464.6 |
        Depths |   5272 |   4588 |    684 |    528 |   2466 |   4 | 1318.0 |
           Zot |   4338 |   4096 |    242 |     83 |   2725 |   5 |  867.6 |
        Bazaar |    367 |    367 |      0 |    107 |    134 |   2 |  183.5 |
         Trove |    106 |    106 |      0 |      0 |      0 |   1 |  106.0 |
      Ice Cave |    283 |    283 |      0 |    160 |      0 |   1 |  283.0 |
      Gauntlet |    969 |    969 |      0 |    223 |     94 |   1 |  969.0 |
               +--------+--------+--------+--------+--------+-----+--------+

Top non-repeatable levels by time:
  Lair:5: 2272 daAuts
  Lair:1: 2036 daAuts
    D:11: 1967 daAuts
  Lair:2: 1921 daAuts
Vaults:4: 1910 daAuts
    D:15: 1861 daAuts
    D:14: 1753 daAuts
 Swamp:2: 1627 daAuts
    D:13: 1579 daAuts
Vaults:3: 1565 daAuts
Depths:3: 1525 daAuts
Depths:1: 1431 daAuts
    D:10: 1336 daAuts
Depths:4: 1324 daAuts
Vaults:5: 1322 daAuts
